 Dungeon Crawl Stone Soup version 0.27.1-4-g1640c2035a (webtiles) character file.

Game seed: 6799361282101306197

7 zeram the Sneak (level 2, -1/19 HPs)
             Began as an Octopode Brigand on Nov 12, 2021.
             Slain by a hobgoblin (3 damage)
             ... on level 1 of the Dungeon on Nov 13, 2021.
             The game lasted 00:00:42 (212 turns).

zeram the Sneak (Octopode Brigand)                   Turns: 212, Time: 00:00:42

Health: -1/19      AC:  1    Str: 10    XL:     2   Next: 4%
Magic:  2/2        EV: 12    Int: 13    God:
Gold:   12         SH:  0    Dex: 13    Spells: 1/1 levels left

rFire    . . .     SeeInvis .   a - +2 dagger
rCold    . . .     Faith    .   (no shield)
rNeg     . . .     Spirit   .   (helmet restricted)
rPois    .         Reflect  .   (no amulet)
rElec    .         Harm     .   (no ring)
rCorr    .         Rampage  .   (no ring)
Will     .....                  (no ring)
Stlth    ++++......             (no ring)
HPRegen  0.06/turn              (no ring)
MPRegen  0.08/turn              (no ring)
                                (no ring)
                                (no ring)

@: no status effects
A: almost no armour, amphibious, 8 rings, camouflage 1, gelatinous body 1,
(nimble swimmer 1), tentacles
a: no special abilities


You were on level 1 of the Dungeon.
You visited 1 branch of the dungeon, and saw 1 of its levels.

You collected 12 gold pieces.

Inventory:

Hand Weapons
 a - a +2 dagger (weapon)
Missiles
 b - 8 poisoned darts (quivered)
 c - 2 curare-tipped darts
Scrolls
 d - a scroll of enchant armour {unknown}


   Skills:
 + Level 2.1 Fighting
 + Level 2.0 Short Blades
 + Level 2.0 Throwing
 + Level 1.0 Dodging
 + Level 5.8 Stealth


You had one spell level left.
You didn't know any spells.
Your spell library was empty.

Dungeon Overview and Level Annotations

Branches:
Dungeon (1/15)

Altars:


Innate Abilities, Weirdness & Mutations

You cannot wear most types of armour.
You are amphibious.
You can wear up to eight rings at the same time.
Your skin changes colour to match your surroundings (Stealth+).
Your rubbery body absorbs attacks. (AC +1, EV +1)
((You are camouflaged near water. (Stealth+)))
You have tentacles for arms and can constrict up to eight enemies at once.


Message History

A hobgoblin comes into view.
A hobgoblin is nearby!
A hobgoblin is nearby!
A hobgoblin is nearby!
A hobgoblin is nearby!
No reachable target in view!
No reachable target in view!
No reachable target in view!
No reachable target in view!
No reachable target in view!
No reachable target in view!
No reachable target in view!
No reachable target in view!
No reachable target in view!
Welcome back, zeram the Octopode Brigand.
Press ? for a list of commands and other information.
A ball python comes into view.
A bat comes into view.
The hobgoblin shouts!
You hear a shout!
A hobgoblin comes into view.
The bat hits you but does no damage.
Found a faded altar of an unknown god.
The ball python hisses angrily.
The bat closely misses you. The hobgoblin barely misses you.
The bat hits you but does no damage. The hobgoblin hits you.
The hobgoblin hits you. The bat barely misses you. The hobgoblin hits you.
The bat closely misses you. The hobgoblin hits you. The hobgoblin hits you.
The bat hits you. The hobgoblin barely misses you. The bat closely misses you.
The hobgoblin barely misses you. The bat closely misses you.
The hobgoblin hits you.
* * * LOW HITPOINT WARNING * * *
The hobgoblin barely misses you. The bat hits you.
* * * LOW HITPOINT WARNING * * *
The hobgoblin misses you. The bat hits you but does no damage.
The hobgoblin barely misses you. The bat hits you but does no damage.
The hobgoblin hits you.
You die...

##.####..## #.###
#.........####'### .
#.[##....##PP#.#PP #.##
#..##†####P≈≈#.#PP ....#
#.....###P≈≈≈#.#..
≈≈§§.##..##.##P≈≈≈≈#.#..
....≈........#P≈≈≈≈#.#..
..§.§........#######.###
..§§§≈b@.#.#.'......<...
≈≈≈.§gg≈.#...#######)###
≈≈.≈..S§.....#P.P..#.#≈≈
§§§....≈§#.###P....#.#≈≈
§§§§..§≈§#.# ##PP.P#.#≈≈
§§§§≈..§.... ##P..#.#≈≈
§.§§.≈≈...... ##PP#.#PP
....≈...##..## ####+###
§..≈.#. ....


You could see 2 hobgoblins, a bat and a ball python.

Vanquished Creatures
  A goblin (D:1)
  2 hobgoblins (D:1)
  A kobold (D:1)
  A quokka (D:1)
  A ball python (D:1)
6 creatures vanquished.

Notes
Turn   | Place    | Note
-------+----------+-------------------------------------------
     0 | D:1      | zeram the Octopode Brigand began the quest for the Orb.
     0 | D:1      | Reached XP level 1. HP: 14/14 MP: 1/1
   141 | D:1      | Reached XP level 2. HP: 19/19 MP: 2/2
   198 | D:1      | Found a faded altar of an unknown god.
   212 | D:1      | Slain by a hobgoblin

Illustrated notes

Levels and vault maps discovered:
D:1:      psy_arrival_terrarium, layout_loops_ring,
          shapermc_ecumenical_altar_starsandcircs

Action                   || total
-------------------------++-------
Melee: Dagger            ||    10
       Constrict         ||     3
       Tentacles         ||     1
 Stab: Sleeping          ||     2
Armor: Skin              ||     5
Dodge: Dodged            ||    16
